 Dungeon Crawl Stone Soup version 0.25.0-3-gd7cc5688da (webtiles) character file.

Game seed: 838828356649213374

266 nikku the Conjurer (level 6, 0/35 HPs)
             Began as a Deep Elf Conjurer on June 15, 2020.
             Slain by Duvessa
             ... wielding a +2 short sword of venom
              (18 damage)
             ... on level 4 of the Dungeon.
             The game lasted 00:08:27 (3289 turns).

nikku the Conjurer (Deep Elf Conjurer)              Turns: 3289, Time: 00:08:28

Health: 0/35       AC:  4    Str:  5    XL:     6   Next: 0%
Magic:  1/15       EV: 13    Int: 22    God:
Gold:   172        SH:  5    Dex: 15    Spells: 4/15 levels left

rFire    . . .     SeeInvis .   n - +2 short sword (venom)
rCold    . . .     Gourm    .   (no shield)
rNeg     . . .     Faith    .   a - +1 robe
rPois    .         Spirit   .   (no helmet)
rElec    .         Reflect  +   b - +0 cloak {MR+}
rCorr    .         Harm     .   (no gloves)
MR       +....                  (no boots)
Stlth    ++........             g - amulet of reflection
HPRegen  0.11/turn              (no ring)
MPRegen  0.14/turn              (no ring)

@: lethally poisoned (0 -> -18)
A: no striking features
a: no special abilities


You were on level 4 of the Dungeon.
You were hungry.

You visited 1 branch of the dungeon, and saw 4 of its levels.

You collected 172 gold pieces.

Inventory:

Hand Weapons
 n - a +2 short sword of venom (weapon)
Missiles
 f - 13 poisoned darts (quivered)
Armour
 a - a +1 robe (worn)
 b - a +0 cloak of magic resistance (worn)
Jewellery
 g - an amulet of reflection (around neck)
Scrolls
 h - a scroll of teleportation
 m - a scroll of amnesia
Potions
 e - a potion of might {unknown}
 i - 3 potions of heal wounds
 j - a potion of curing
 k - a potion of brilliance {unknown}
 l - a potion of flight {unknown}
 p - a potion of haste
Comestibles
 c - 7 rations


   Skills:
 + Level 2.2 Fighting
 - Level 2.4 Dodging
 - Level 2.4 Stealth
 + Level 5.0 Spellcasting
 + Level 5.5 Conjurations
 + Level 2.1 Hexes
 + Level 1.9 Translocations


You had 4 spell levels left.
You knew the following spells:

 Your Spells              Type           Power        Failure   Level  Hunger
a - Magic Dart            Conj           ####         1%          1    None
b - Searing Ray           Conj           ####..       1%          2    None
c - Iskenderun's Mystic   Conj/Tloc      ###.....     22%         4    ####...
d - Fulminant Prism       Conj/Hex       ###.......   21%         4    ####...

Your spell library contained the following spells:

 Spells                   Type           Power        Failure   Level  Hunger
 Dazzling Flash           Conj/Hex       ###...       6%          3    ##.....


Dungeon Overview and Level Annotations

Branches:
Dungeon (4/15)
 Temple: D:4-7

Altars:
Okawaru
Trog
Xom

Annotations:
D:4 Duvessa


Message History

You feel better. You block Duvessa's attack.
You feel much better. Duvessa hits you but does no damage.
You are poisoned.
Duvessa hits you with a +2 short sword of venom!
You are lethally poisoned!
Casting: Searing Ray (safe; 1% risk of failure)
Confirm with . or Enter, or press ? or * to list all spells.
Aiming: Searing Ray (safe; 1% risk of failure)
Press: ? - help, Shift-Dir - straight line, f/p - Duvessa
Aim: Duvessa, wielding a +2 short sword of venom and wearing a cursed +0 leather armour (severely wounded, berserk)
The searing ray hits Duvessa!
Duvessa is almost dead. (Press . to maintain the ray.)
You feel sick. Duvessa closely misses you.
The searing ray hits Duvessa.
Duvessa is almost dead.
You feel sick.
Duvessa hits you with a +2 short sword of venom!!
Ouch! That really hurt!
You die...

... ..## #..
... ... ...# .
.. ...#.. .
#.##...... ...
#....)?...
.....#.........
#....@e.#
#.......#
#.%.....)..
#............
#........##..
..........# .
#..#########
##.


You could see Duvessa (berserk).

Vanquished Creatures
  Dowan (D:4)
  2 jellies (D:2)
  Crazy Yiuf (D:3)
  3 adders
  4 gnolls (D:3)
  A worm (D:2)
  2 dart slugs (D:2)
  3 leopard geckos
  5 giant cockroaches
  7 goblins
  6 hobgoblins
  An iguana (D:2)
  A ball python (D:2)
  6 bats
  6 frilled lizards
  8 kobolds
  8 rats
65 creatures vanquished.

Notes
Turn   | Place    | Note
-------+----------+-------------------------------------------
     0 | D:1      | nikku the Deep Elf Conjurer began the quest for the Orb.
     0 | D:1      | Reached XP level 1. HP: 10/10 MP: 6/6
   211 | D:1      | Reached XP level 2. HP: 16/16 MP: 5/8
   664 | D:1      | Reached skill level 1 in Fighting
   853 | D:1      | Learned a level 1 spell: Magic Dart
   856 | D:1      | Learned a level 2 spell: Searing Ray
   885 | D:2      | Reached XP level 3. HP: 20/20 MP: 5/10
  1560 | D:2      | Reached skill level 5 in Conjurations
  1776 | D:2      | Reached XP level 4. HP: 25/25 MP: 9/12
  1789 | D:2      | Learned a level 4 spell: Iskenderun's Mystic Blast
  1794 | D:2      | Learned a level 4 spell: Fulminant Prism
  1961 | D:2      | Found a shimmering altar of Xom.
  1993 | D:2      | Reached skill level 1 in Hexes
  1993 | D:2      | Reached skill level 1 in Translocations
  2309 | D:3      | Reached XP level 5. HP: 30/30 MP: 10/13
  2342 | D:3      | Found an iron altar of Okawaru.
  2932 | D:3      | Found a bloodstained altar of Trog.
  2948 | D:3      | Found a runed translucent door.
  2949 | D:3      | Noticed Crazy Yiuf
  2998 | D:3      | Killed Crazy Yiuf
  3276 | D:4      | Noticed Duvessa
  3276 | D:4      | Noticed Dowan
  3279 | D:4      | Killed Dowan
  3279 | D:4      | Reached skill level 5 in Spellcasting
  3279 | D:4      | Reached XP level 6. HP: 35/35 MP: 11/15
  3285 | D:4      | HP: 1/35 [Duvessa/+2 short sword of venom (16)]
  3289 | D:4      | Slain by Duvessa

Illustrated notes

Levels and vault maps discovered:
D:1:      minmay_arrival_solitary_statue, layout_rooms
D:2:      layout_loops_cross, dk_xom_monty_hall
D:3:      layout_loops_ring, old_standard_altar, okawaru_metal_pillars_3,
          first_ration, uniq_crazy_yiuf_cottage
D:4:      minmay_recursive_quarters, layout_cave_pools, uniq_duvessa,
          uniq_blork_the_orc

Skill      XL: |  1  2  3  4  5 |
---------------+----------------+-----
Fighting       | 1 2 |  2.2
Spellcasting   | 4 5 |  5.0
Conjurations   | 5 |  5.5
Hexes          | 1 2 |  2.1
Translocations | 1 |  1.9
Dodging        | |  2.4
Stealth        | |  2.4

Action                   |  1- 3 |  4- 6 || total
-------------------------+-------+-------++-------
 Cast: Magic Dart        |    77 |    25 ||   102
       Searing Ray       |     4 |    12 ||    16
  Use: Scroll            |     2 |     5 ||     7
       Potion            |       |     3 ||     3
  Eat: Chunk             |     2 |     1 ||     3
       Ration            |       |     1 ||     1
Armor: Robe              |       |     2 ||     2
Dodge: Dodged            |     6 |     8 ||    14
Block: Other             |       |     4 ||     4
       Reflection        |       |     1 ||     1
